 Dungeon Crawl Stone Soup version 0.31-a0-210-gccc998df9b (webtiles) character file.

Game seed: 5276904534761655797

64 qw the Chopper (level 4, -8/28 HPs)
             Began as a Gargoyle Fighter on June 29, 2023.
             Blown up by Ijyb (15 damage)
             ... with a mindburst bolt
             ... on level 2 of the Dungeon.
             The game lasted 00:00:44 (1070 turns).

qw the Chopper (Gargoyle Fighter)                   Turns: 1070, Time: 00:00:45

Health: -8/28      AC: 10    Str: 22    XL:     4   Next: 12%
Magic:  4/4        EV:  9    Int:  8    God:
Gold:   109        SH:  4    Dex:  9    Spells: 3/3 levels left

rFire   . . .        Y - +0 war axe
rCold   . . .        c - +0 buckler
rNeg    + . .        b - +0 scale mail
rPois   inf          (no helmet)
rElec   +            (no cloak)
rCorr   .            (no gloves)
SInv    .            (no boots)
Will    .....        (no amulet) Stlth
                     (no ring)
HPRegen 0.24/turn    (no ring)
MPRegen 0.09/turn

%: no passive effects
@: no status effects
A: sickness immunity, AC +3, negative energy resistance 1, electricity
resistance, torment resistance 1, petrification resistance
a: no special abilities


You were on level 2 of the Dungeon.
You visited 1 branch of the dungeon, and saw 2 of its levels.

You collected 109 gold pieces.


Innate Abilities, Weirdness & Mutations

You are immune to sickness and miasma.
Your stone body is resilient. (AC +3)
You are immune to poison.
You resist negative energy. (rN+)
You are resistant to electric shocks. (rElec)
You are resistant to unholy torment.
You are immune to petrification.


   Skills:
 - Level 3.2 Fighting
 + Level 3.9 Axes
 - Level 3.2 Armour
 - Level 3.2 Shields


You had 3 spell levels left.
You didn't know any spells.
Your spell library was empty.

Inventory:

Hand Weapons
 l - a +0 mace
 Y - a +0 war axe (weapon)
Armour
 b - a +0 scale mail (worn)
 c - a +0 buckler (worn)
 f - a +0 chain mail
Jewellery
 k - a +4 ring of protection
Scrolls
 g - 3 scrolls of identify
 j - a scroll of immolation {unknown}
Potions
 a - a potion of ambrosia {unknown}
 d - a potion of might
 e - a potion of invisibility {unknown}
 h - a potion of attraction {unknown}
 i - a potion of magic {unknown}
 m - a potion of resistance {unknown}
 n - 2 potions of degeneration {unknown}

Dungeon Overview and Level Annotations

Branches:
Dungeon (2/15)

Altars:

Annotations:
D:2 Ijyb


Message History

You kill the goblin!
You barely miss the goblin. You closely miss the goblin.
The goblin completely misses you.
The goblin hits you but does no damage. x2
You hit the goblin but do no damage. You closely miss the goblin.
The goblin hits you but does no damage. The goblin misses you.
You barely miss the goblin. You hit the goblin.
You kill the goblin!
The goblin closely misses you.
You slash the goblin!
You kill the goblin!
You hit the goblin.
You kill the goblin!
You miss the goblin. You barely miss Ijyb. You barely miss Ijyb.
Ijyb screams, "You nasty!
Big nasty!"
Ijyb misses you. Ijyb hits you but does no damage.
You barely miss Ijyb. Ijyb misses you.
You hit Ijyb but do no damage. You completely miss Ijyb.
You closely miss the goblin.
Ijyb zaps a wand.
Your mind is blasted!
Ouch! That really hurt!
The goblin hits you with a +0 club. You block Ijyb's attack.
The goblin closely misses you.
You closely miss Ijyb. You closely miss the goblin.
You block the goblin's attack. Ijyb hits you but does no damage.
You hit Ijyb.
Ijyb is moderately wounded.
You hit the goblin.
You kill the goblin!
Ijyb barely misses you.
You hit Ijyb.
Ijyb is heavily wounded.
You closely miss the goblin. You block Ijyb's attack.
The goblin completely misses you. The goblin closely misses you.
Ijyb zaps a wand.
Your mind is blasted!
Ouch! That really hurt!
You die...

#........'
#........#
.......
#####....)...#
8gg...8
##............#
....g..
###..############
8..gg.8 #...##
#######..
.....g.##.###
#........
8....g8#..#
#........
.......#@##
#........
#......gg#
#......[.
..)#######
#........
#........
#########


You could see Ijyb and a goblin.

Vanquished Creatures
  An adder (D:2)
  A worm (D:2)
  A dart slug (D:1)
  6 ball pythons
  3 bats
  4 endoplasms (D:1)
  2 giant cockroaches
  9 goblins
  2 hobgoblins (D:1)
  7 kobolds
  2 quokkas
  3 frilled lizards
  2 rats
43 creatures vanquished.

Notes
Turn   | Place    | Note
-------+----------+-------------------------------------------
     0 | D:1      | qw the Gargoyle Fighter began the quest for the Orb.
     0 | D:1      | Reached XP level 1. HP: 14/14 MP: 1/1
     0 | D:1      | 0 ||| qw: Version: 0.3-a-24-ga2abf7b
     0 | D:1      | 0 ||| qw: Game counter: 6952
     0 | D:1      | 0 ||| qw: Melee chars always use a shield: true
     0 | D:1      | 0 ||| qw: God list: Okawaru
     0 | D:1      | 0 ||| qw: Allow faded altars: false
     0 | D:1      | 0 ||| qw: Do Orc after clearing Dungeon:15 true
     0 | D:1      | 0 ||| qw: Do second Lair branch before Depths: true
     0 | D:1      | 0 ||| qw: Lair rune preference: random
     0 | D:1      | 0 ||| qw: Goals: Normal, Zot:1-4, Slime:5, God:TSO, Crypt,
                  | Tomb, Abyss, Pan, Hells, Win
     0 | D:1      | 0 ||| PLANNING D:1-11
    86 | D:1      | 86 ||| Stepping ~*~*~tactically~*~*~ (stealth).
    93 | D:1      | Reached XP level 2. HP: 19/19 MP: 2/2
    97 | D:1      | 97 ||| Stepping ~*~*~tactically~*~*~ (stealth).
    98 | D:1      | 98 ||| Stepping ~*~*~tactically~*~*~ (stealth).
    99 | D:1      | 99 ||| Stepping ~*~*~tactically~*~*~ (stealth).
   147 | D:1      | 147 ||| Stepping ~*~*~tactically~*~*~ (stealth).
   257 | D:1      | 257 ||| Stepping ~*~*~tactically~*~*~ (stealth).
   282 | D:1      | 282 ||| Stepping ~*~*~tactically~*~*~ (stealth).
   287 | D:1      | Reached skill level 3 in Axes
   326 | D:1      | Reached XP level 3. HP: 23/23 MP: 3/3
   579 | D:1      | 579 ||| READING scroll labelled UMOKUS PIUVASH.
   582 | D:1      | 582 ||| READING 2 scrolls labelled LYPYCW GUZONTI.
   646 | D:2      | 646 ||| Stepping ~*~*~tactically~*~*~ (stealth).
   850 | D:2      | 850 ||| DROPPING +0 club.
   888 | D:2      | 888 ||| Stepping ~*~*~tactically~*~*~ (stealth).
   889 | D:2      | 889 ||| Stepping ~*~*~tactically~*~*~ (stealth).
   932 | D:2      | Reached XP level 4. HP: 12/28 MP: 4/4
  1049 | D:2      | 1049 ||| Stepping ~*~*~tactically~*~*~ (stealth).
  1051 | D:2      | Noticed Ijyb
  1051 | D:2      | 1051 ||| Stepping ~*~*~tactically~*~*~ (stealth).
  1053 | D:2      | 1053 ||| Stepping ~*~*~tactically~*~*~ (hiding).
  1067 | D:2      | HP: 6/28 [goblin/+0 club (2)]
  1070 | D:2      | Blown up by Ijyb

Levels and vault maps discovered:
D:1:      amcnicky_arrival_feature_with_door, layout_basic, minmay_hexomino_u4
D:2:      kennysheep_the_goblin_king, layout_basic, basic_ecumenical_altar

Skill      XL: |  1  2 |
---------------+-------+-----
Axes           | 2 3 |  3.9
Fighting       | |  3.2
Armour         | |  3.2
Shields        | |  3.2

Action                     |  1- 3 |  4- 6 || total
---------------------------+-------+-------++-------
  Melee: War axe           |   107 |    16 ||   123
    Use: Scroll            |     2 |       ||     2
 Armour: Scale mail        |    51 |     5 ||    56
  Dodge: Dodged            |    52 |    10 ||    62
  Block: Buckler           |    17 |     4 ||    21

Table legend:
 A = Non-vault XP
 B = Vault XP
 C = Vault XP percentage of total XP
 D = Non-vault monster count
 E = Vault monster count
 F = Vault count percentage of total count
                 A         B        C        D         E       F
            +---------+---------+-------+---------+---------+-------
      Total |      78 |      14 |  15.2 |      36 |       7 |  16.3
            +---------+---------+-------+---------+---------+-------
        D:1 |      38 |       4 |   9.5 |      20 |       2 |   9.1
        D:2 |      40 |      10 |  20.0 |      16 |       5 |  23.8
            +---------+---------+-------+---------+---------+-------
